 Dungeon Crawl Stone Soup version 0.25.1-2-g60ff931df9 (webtiles) character file.

Game seed: 15929338379693200758

1033212 gruber the Luminary of Lethal Lore (level 27, -2/211 HPs)
             Began as a Gnoll Ice Elementalist on Nov 18, 2020.
             Was the Champion of Vehumet.
             Slain by an ancient champion
             ... wielding a +0 vorpal great mace
             ... led by the effects of Hell
              (5 damage)
             ... on level 7 of the Iron City of Dis on Nov 21, 2020.
             The game lasted 05:50:22 (136881 turns).

gruber the Luminary of Lethal Lore (GnIE)         Turns: 136881, Time: 05:50:22

Health: -2/211     AC: 28    Str: 13    XL:     27
Magic:  21/45      EV: 26    Int: 40    God:    Vehumet [******]
Gold:   12469      SH: 12    Dex: 21    Spells: 14/73 levels left

rFire    + + +     SeeInvis +   y - +3 Elemental Staff {rElec rF++ rC++ MR++ AC+5}
rCold    + + .     Gourm    .   E - +1 buckler of Twilight {Int+4}
rNeg     + + .     Faith    .   b - +0 fire dragon scales of the Wild Haggis {+Fly rF++ rC- Slay+5}
rPois    +         Spirit   .   d - +2 hood of the Assassin {Detection Stab+ Stlth++}
rElec    +         Reflect  .   Q - scarf {rC+ rF+}
rCorr    .         Harm     .   h - +0 pair of gloves "Zunutusa" {+Blink rN+}
MR       +++++     Rnd*Rage +   m - +1 pair of boots "Hinol" {Int+4 SInv}
Stlth    ++++++++++             z - amulet "Zekhlatee" {Regen+ Int+3 Dex+4}
HPRegen  0.85/turn              U - ring of Qeonwis {Wiz rElec rN+ MR+}
MPRegen  0.29/turn              F - ring of Searigy {rPois MR+ Int+4 Stlth+}

@: studying Hexes
A: distributed training, fangs 1, camouflage 1, berserk 1, dopey 1, frail 1, low
mp 1, strong nose
}: 6/15 runes: decaying, serpentine, silver, obsidian, icy, abyssal
a: Renounce Religion, Evoke Blink, Evoke Flight


You were on level 7 of the Iron City of Dis.
You worshipped Vehumet.
Vehumet was exalted by your worship.
You were hungry.

You visited 17 branches of the dungeon, and saw 78 of its levels.
You visited the Abyss 6 times.
You also visited: Gauntlet.

You collected 13044 gold pieces.
You spent 575 gold pieces at shops.

Inventory:

Hand Weapons
 y - the +3 Elemental Staff (weapon) {rElec rF++ rC++ MR++ AC+5}
   (You acquired it on level 2 of the Vaults)

   It affects your AC (+5).
   It greatly protects you from fire.
   It greatly protects you from cold.
   It insulates you from electricity.
   It affects your resistance to hostile enchantments.
Missiles
 L - 23 javelins (quivered)
Armour
 b - the +0 fire dragon scales of the Wild Haggis (worn) {+Fly rF++ rC- Slay+5}
   (You found it on level 15 of the Dungeon)

   It affects your accuracy and damage with ranged weapons and melee attacks
   (+5).
   It greatly protects you from fire.
   It makes you vulnerable to cold.
   It lets you fly.
 d - the +2 hood of the Assassin (worn) {Detection Stab+ Stlth++}
   (You found it on level 3 of the Depths)

   It makes you much more stealthy.
 h - the +0 pair of gloves "Zunutusa" (worn) {+Blink rN+}
   (You found it in a Gauntlet)

   It protects you from negative energy.
   It lets you blink.
 m - the +1 pair of boots "Hinol" (worn) {Int+4 SInv}
   (You found it on level 3 of the Snake Pit)

   It affects your intelligence (+4).
   It lets you see invisible.
 E - the +1 buckler of Twilight (worn) {Int+4}
   (You found it on level 2 of the Swamp)

   It affects your intelligence (+4).
 P - a +1 pair of gloves of strength
 Q - a scarf of resistance (worn)
Jewellery
 n - the ring of Isahel {rPois rC+ MR+ rCorr}
   (You found it on level 3 of the Crypt)

   [ring of resist corrosion]

   It protects you from cold.
   It protects you from poison.
   It affects your resistance to hostile enchantments.
   It provides partial protection from all sources of acid and corrosion.
 z - the amulet "Zekhlatee" (around neck) {Regen+ Int+3 Dex+4}
   (You took it off a boggart on level 3 of the Depths)

   [amulet of regeneration]

   It affects your intelligence (+3).
   It affects your dexterity (+4).
   It increases your rate of regeneration.
 F - the ring of Searigy (right hand) {rPois MR+ Int+4 Stlth+}
   (You found it on level 7 of Gehenna)

   [ring of protection from magic]

   It affects your intelligence (+4).
   It protects you from poison.
   It affects your resistance to hostile enchantments.
   It makes you more stealthy.
 J - the ring of Veumaiff {+Fly rElec rN+ Str+2 Stlth+}
   (You took it off a skeletal warrior on level 7 of Cocytus)

   [ring of positive energy]

   It affects your strength (+2).
   It insulates you from electricity.
   It protects you from negative energy.
   It lets you fly.
   It makes you more stealthy.
 K - a +6 ring of intelligence
 U - the ring of Qeonwis (left hand) {Wiz rElec rN+ MR+}
   (You found it on level 4 of the Depths)

   [ring of wizardry]

   It improves your spell success rate.
   It insulates you from electricity.
   It protects you from negative energy.
   It affects your resistance to hostile enchantments.
Wands
 e - a wand of flame (124)
 H - a wand of digging (31)
 O - a wand of iceblast (29)
 T - a wand of disintegration (89)
 X - a wand of acid (23)
 Y - a wand of paralysis (29)
Scrolls
 f - 9 scrolls of magic mapping
 g - 4 scrolls of identify
 i - 8 scrolls of fear
 j - 17 scrolls of teleportation
 l - 30 scrolls of remove curse
 o - 3 scrolls of blinking
 p - 10 scrolls of fog
 s - a scroll of enchant armour
 x - 2 scrolls of silence
 A - 12 scrolls of immolation
 C - 7 scrolls of vulnerability
 I - 2 scrolls of holy word
 W - 3 scrolls of summoning
Potions
 a - a potion of cancellation
 k - 17 potions of heal wounds
 q - 17 potions of brilliance
 r - 5 potions of berserk rage
 t - 22 potions of curing
 u - 8 potions of lignification
 v - 10 potions of haste
 w - 4 potions of ambrosia
 B - 7 potions of invisibility
 D - 6 potions of might
 G - 9 potions of flight
 M - 8 potions of stabbing
 S - 4 potions of resistance
 V - 3 potions of magic
Books
 R - a manual of Hexes
Miscellaneous
 N - 10 phantom mirrors
 Z - 7 boxes of beasts
Comestibles
 c - 33 rations


   Skills:
 + Level 23.2 Fighting
 + Level 23.2 Short Blades
 + Level 23.2 Long Blades
 + Level 23.2 Axes
 + Level 23.2 Maces & Flails
 + Level 23.2 Polearms
 + Level 23.2 Staves
 + Level 23.2 Slings
 + Level 23.2 Bows
 + Level 23.2 Crossbows
 + Level 23.2 Throwing
 + Level 23.2 Armour
 + Level 23.5 Dodging
 + Level 23.4 Stealth
 + Level 23.2 Shields
 + Level 23.2 Unarmed Combat
 + Level 23.5 Spellcasting
 + Level 20.2 Conjurations
 + Level 20.2 Hexes
 + Level 20.2 Charms
 + Level 20.2 Summonings
 + Level 20.2 Necromancy
 + Level 20.2 Translocations
 + Level 20.2 Transmutations
 + Level 20.2 Fire Magic
 + Level 21.0 Ice Magic
 + Level 20.2 Air Magic
 + Level 20.2 Earth Magic
 + Level 20.2 Poison Magic
 + Level 24.9 Invocations
 + Level 23.2 Evocations


You had 14 spell levels left.
You knew the following spells:

 Your Spells              Type           Power        Failure   Level  Hunger
a - Freeze                Ice            ####         0%          1    None
b - Frozen Ramparts       Ice            ######       0%          3    None
c - Hailstorm             Conj/Ice       ########     0%          4    None
d - Summon Ice Beast      Ice/Summ       ########     0%          4    None
e - Iron Shot             Conj/Erth      ########..   1%          6    None
f - Borgnjor's Vile Clut  Necr/Erth      ########..   0%          5    None
g - Freezing Cloud        Conj/Ice/Air   #########.   1%          6    None
h - Bolt of Magma         Conj/Fire/Erth #########.   0%          5    None
i - Ozocubu's Refrigerat  Ice            ########..   1%          6    None
j - Blink                 Tloc           N/A          0%          2    None
k - Necromutation         Tmut/Necr      ########..   1%          8    None
l - Absolute Zero         Ice            ########..   2%          9    ##.....

Your spell library contained the following spells:

 Spells                   Type           Power        Failure   Level  Hunger
 Ignition                 Fire           ########..   1%          8    None
 Shatter                  Erth           ########..   3%          9    ##.....
 Tornado                  Air            ########..   3%          9    ##.....
 Animate Skeleton         Necr           N/A          0%          1    None
 Apportation              Tloc           ######       0%          1    None
 Beastly Appendage        Tmut           ######       0%          1    None
 Corona                   Hex            #######      0%          1    None
 Foxfire                  Conj/Fire      ####         0%          1    None
 Magic Dart               Conj           ####         0%          1    None
 Pain                     Necr           ####         0%          1    None
 Shock                    Conj/Air       ####         0%          1    None
 Summon Butterflies       Summ           ########     0%          1    None
 Summon Small Mammal      Summ           ####         0%          1    None
 Call Imp                 Summ           ########     0%          2    None
 Ensorcelled Hibernation  Hex/Ice        ######       0%          2    None
 Passwall                 Tmut/Erth      ########     0%          2    None
 Shroud of Golubria       Chrm/Tloc      ######       0%          2    None
 Slow                     Hex            ########     0%          2    None
 Sticks to Snakes         Tmut           ########     0%          2    None
 Sublimation of Blood     Necr           ########..   0%          2    None
 Swiftness                Chrm/Air       ########     0%          2    None
 Call Canine Familiar     Summ           ########     0%          3    None
 Confusing Touch          Hex            ########     0%          3    None
 Conjure Flame            Conj/Fire      ########     0%          3    None
 Gell's Gravitas          Tloc           ########..   0%          3    None
 Ignite Poison            Fire/Tmut/Pois ########     0%          3    None
 Inner Flame              Hex/Fire       ########     0%          3    None
 Lesser Beckoning         Tloc           ########..   0%          3    None
 Mephitic Cloud           Conj/Pois/Air  ########     0%          3    None
 Ozocubu's Armour         Chrm/Ice       ########     0%          3    None
 Portal Projectile        Hex/Tloc       ######       0%          3    None
 Recall                   Summ/Tloc      N/A          0%          3    None
 Spider Form              Tmut/Pois      ########..   0%          3    None
 Static Discharge         Conj/Air       ########     0%          3    None
 Teleport Other           Tloc           ########     0%          3    None
 Tukima's Dance           Hex            ########     0%          3    None
 Vampiric Draining        Necr           ########..   0%          3    None
 Airstrike                Air            ########..   0%          4    None
 Animate Dead             Necr           N/A          0%          4    None
 Cause Fear               Hex            ########..   0%          4    None
 Ice Form                 Ice/Tmut       ########     0%          4    None
 Leda's Liquefaction      Hex/Erth       ########..   0%          4    None
 Passage of Golubria      Tloc           N/A          0%          4    None
 Petrify                  Tmut/Erth      ########     0%          4    None
 Sticky Flame             Conj/Fire      ########     0%          4    None
 Summon Lightning Spire   Summ/Air       ########     0%          4    None
 Agony                    Necr           ########     0%          5    None
 Alistair's Intoxication  Tmut/Pois      ########     0%          5    None
 Aura of Abjuration       Summ           ########..   0%          5    None
 Blade Hands              Tmut           ########..   0%          5    None
 Fireball                 Conj/Fire      ########..   0%          5    None
 Irradiate                Conj/Tmut      ########..   0%          5    None
 Iskenderun's Battlesphe  Conj/Chrm      ########     0%          5    None
 Lee's Rapid Deconstruct  Erth           ########..   0%          5    None
 Lightning Bolt           Conj/Air       ########..   0%          5    None
 Metabolic Englaciation   Hex/Ice        ########..   0%          5    None
 Silence                  Hex/Air        ########..   0%          5    None
 Summon Demon             Summ           ########..   0%          5    None
 Summon Forest            Summ/Tloc      ########..   0%          5    None
 Summon Mana Viper        Hex/Summ       ########     0%          5    None
 Yara's Violent Unravell  Hex/Tmut       ########..   0%          5    None
 Darkness                 Hex            ########..   1%          6    None
 Death Channel            Necr           ########..   1%          6    None
 Eringya's Noxious Bog    Tmut/Pois      ########..   1%          6    None
 Hydra Form               Tmut           ########..   1%          6    None
 Invisibility             Hex            ########     1%          6    None
 Shadow Creatures         Summ           N/A          1%          6    None
 Simulacrum               Ice/Necr       ########..   1%          6    None
 Statue Form              Tmut/Erth      ########.    1%          6    None
 Dragon Form              Tmut           ########..   1%          7    None
 Haunt                    Necr/Summ      ########..   1%          7    None
 Orb of Destruction       Conj           ########..   1%          7    None
 Spellforged Servitor     Conj/Summ      ########..   1%          7    None
 Summon Hydra             Summ           ########..   1%          7    None
 Borgnjor's Revivificati  Necr           ########..   1%          8    None
 Chain Lightning          Conj/Air       ########..   1%          8    None
 Death's Door             Chrm/Necr      ########..   1%          8    None
 Infestation              Necr           ########..   1%          8    None
 Lehudib's Crystal Spear  Conj/Erth      ########..   1%          8    None
 Fire Storm               Conj/Fire      ########..   3%          9    ##.....


Dungeon Overview and Level Annotations

Branches:
Dungeon (15/15)            Temple (1/1) D:5            Lair (6/6) D:10
  Swamp (4/4) Lair:4        Snake (4/4) Lair:2        Slime (5/5) Lair:6
    Orc (2/2) D:12            Elf (3/3) Orc:2        Vaults (5/5) D:13
  Crypt (3/3) Vaults:3       Tomb (0/3) Crypt:3      Depths (5/5) D:15
   Hell (visited)             Dis (7/7) Hell            Geh (7/7) Hell
    Coc (7/7) Hell            Tar (1/7) Hell            Zot (2/5) Depths:5
Gauntlet (visited)

Altars:
Ashenzari
Cheibriados
Dithmenos
Elyvilon
Fedhas
Gozag
Hepliaklqana
Kikubaaqudgha
Makhleb
Nemelex Xobeh
Okawaru
Qazlal
Ru
Sif Muna
Trog
Uskayaw
Vehumet
Wu Jian
Xom
Yredelemnul
Zin
The Shining One
Beogh
Jiyva

Shops:
D:9 }   D:10 *   D:12 ??   D:14 }   Orc:2 }(?}   Elf:1 *   Elf:3 [
Snake:2 =}=   Vaults:4 =   Vaults:5 !   Depths:4 *

Portals:
Hell: Depths:1 Depths:2 Depths:3 Depths:4 Depths:5
Abyss: Depths:4 Depths:5
Pandemonium: Depths:3
Ziggurat: Depths:3
Trove: Depths:5 (give 4 potions of resistance)

Annotations:
Slime:5 Royal Jelly


Innate Abilities, Weirdness & Mutations

Your experience applies equally to all skills.
You have very sharp teeth.
Your uncanny sense of smell can sniff out nearby items.
Your skin changes colour to match your surroundings (Stealth+).
You tend to lose your temper in combat.
You are dopey. (Int -2)
You are frail. (-10% HP)
Your magical capacity is low. (-10% MP)


Message History

The iron shot hits you!!
* * * LOW HITPOINT WARNING * * *
There is an open door, spattered with blood here.
You block the ancient champion's attack.
You block the ancient champion's attack.
The ancient champion hits you with a +0 vorpal great mace.
* * * LOW HITPOINT WARNING * * *
x2 The ancient champion barely misses you.
The ancient champion hits you with a +0 vorpal great mace!!
* * * LOW HITPOINT WARNING * * *
x2 The ancient champion gestures at you while chanting.
The iron shot misses you.
You suddenly feel all small and vulnerable.
You are feeling hungry.
You block the ancient champion's attack.
The ancient champion casts a spell at you.
The iron shot hits you!!!
* * * LOW HITPOINT WARNING * * *
The ancient champion hits you with a +0 vorpal great mace.
You die...

################ #
#..............####
#...∩..........#..#
#..............'..#
#.∩............####
#.@...#####........
#.z...#...#........
#.....#...'........
#.2...#...#.......#
#.C...'...#.......#
#.....#...#.......'
#.....#####.......#
#......[...)......#
###.........÷....##


You could see an iron giant, a reaper and an ancient champion (fast).

Vanquished Creatures
  Asmodeus (Geh:7)
  Antaeus (Coc:7)
  Mara (Elf:3)
  A juggernaut (Abyss:3)
  Sojobo (Depths:1)
  Boris (twice) (Vaults:5 Crypt:2)
  21 shard shrikes
  Frederick (Depths:4)
  A Killer Klown (Zot:2)
  Saint Roka (Crypt:2)
  A curse toe (Zot:1)
  Geryon (Hell)
  5 golden dragons
  2 profane servitors
  23 bone dragons
  7 Tzitzimimeh
  59 Brimstone Fiends
  An electric golem (Zot:1)
  8 iron giants
  4 hellephants
  23 liches
  The ghost of nikku the Peltast, an adept HaAs of Dithmenos (Vaults:2)
  35 Ice Fiends
  9 tentacled monstrosities
  4 Hell Sentinels
  3 deep elf master archers (Elf:3)
  5 quicksilver dragons
  3 titans (Vaults:5)
  2 deep elf blademasters (Elf:3)
  21 acid blobs
  Murray (Depths:1)
  3 Executioners
  18 ancient champions
  A death cob (Zot:1)
  4 sphinxes
  37 tentacled starspawn
  2 thorn hunters
  11 shadow dragons
  10 tengu reavers
  7 draconian monks
  2 storm dragons
  4 revenants
  8 deep elf sorcerers
  5 azure jellies
  12 fire giants
  13 nagarajas
  7 cacodemons
  3 draconian scorchers
  7 iron dragons
  2 draconian stormcallers (Zot:2)
  19 balrugs
  2 curse skulls
  12 vault wardens
  10 frost giants
  Louise (Elf:3)
  8 deep elf elementalists
  10 draconian knights
  3 ghouls (Crypt:2)
  The ghost of gbos the Severer, a journeyman DDFi of Makhleb (Lair:6)
  2 angels (Abyss:1)
  67 reapers
  21 war gargoyles
  16 ironheart preservers
  6 elemental wellsprings
  7 draconian annihilators
  9 draconian shifters
  24 stone giants
  2 ophanim
  2 spriggan defenders (Depths:3)
  An entropy weaver (Vaults:5)
  28 starcursed masses
  26 very ugly things
  6 green draconians
  11 vampire knights
  16 deep elf annihilators
  Azrael (D:14)
  3 white draconians
  6 lorocyprocas
  13 red draconians
  7 black draconians
  A minotaur (Gauntlet)
  5 purple draconians
  5 dire elephants
  9 spark wasps
  7 yellow draconians
  10 ettins
  An ettin (shapeshifter) (D:15)
  4 eidola
  6 quicksilver dragon zombies
  6 deep elf death magi
  8 statues (Depths:4)
  24 blizzard demons
  6 green deaths
  7 deep elf high priests
  9 fire dragons
  26 yaktaur captains
  2 kraken zombies
  2 death oozes (Slime:5)
  5 jiangshi
  10 great orbs of eyes
  A spectral golden dragon (Crypt:3)
  10 rakshasas
  A great orb of eyes (shapeshifter) (Vaults:4)
  16 hydras
  12 quicksilver dragon skeletons
  Fannar (Lair:2)
  33 ice dragons
  2 hell beasts
  Harold (D:10)
  2 catoblepae
  3 ghost crabs (Swamp:4)
  A shambling mangrove (Swamp:2)
  8 naga warriors
  3 spriggan air magi
  36 vault guards
  59 two-headed ogres
  A spectral frost giant (Crypt:3)
  6 centaur warriors
  22 ogre magi
  14 anacondas
  An alligator (shapeshifter) (Vaults:5)
  4 death knights
  A spectral fire giant (Crypt:3)
  15 dancing weapons
  71 hell hogs
  6 tengu warriors
  9 deep troll shamans
  12 alligators
  11 vampire magi
  13 death yaks
  2 deep troll earth magi
  22 titan zombies
  An orc high priest (Orc:2)
  2 spriggan berserkers
  30 thrashing horrors
  17 naga sharpshooters
  Nergalle (Lair:3)
  18 deep elf knights
  4 iron golems
  11 storm dragon zombies
  24 sun demons
  23 shadow wraiths
  5 soul eaters
  12 spriggans
  10 shock serpents
  108 slime creatures
  85 hell knights
  A spectral emperor scorpion (Crypt:3)
  A salamander mystic (Snake:4)
  9 spatial maelstroms
  A death drake (shapeshifter) (Abyss:2)
  9 titan skeletons
  7 ghost moth zombies
  2 fire crabs (shapeshifter) (Depths:3)
  7 iron trolls (Dis:7)
  3 sixfirhies
  9 storm dragon skeletons
  A death drake (Abyss:1)
  27 wretched stars
  A sea snake (Snake:1)
  128 skeletal warriors
  2 cherubim (Abyss:3)
  17 deep trolls
  26 flayed ghosts
  9 glowing orange brains
  7 golden dragon zombies
  3 swamp dragons (Swamp:2)
  21 anaconda zombies
  A spectral iron dragon (Crypt:3)
  3 unseen horrors
  3 spriggan druids (Swamp:3)
  8 wizards
  An orange crystal statue (Abyss:4)
  4 spectral hydras (Swamp:4)
  16 deep elf archers
  7 shadow demons
  18 ironbrand convokers
  16 orc knights
  12 golden dragon skeletons
  8 shadow dragon zombies
  23 necromancers
  9 wolf spider zombies
  2 orb spiders (shapeshifter)
  13 orc sorcerers
  63 deep elf magi
  7 naga ritualists
  8 wolf spiders
  7 anaconda skeletons
  37 phantasmal warriors
  13 moths of wrath
  51 ugly things
  4 salamanders
  6 mana vipers (Snake:4)
  2 manticores
  13 fire giant zombies
  15 iron dragon zombies
  15 frost giant zombies
  7 cyclopes
  A shining eye (shapeshifter) (Depths:2)
  A salamander (shapeshifter) (Elf:3)
  10 worldbinders
  12 shadow dragon skeletons
  10 shining eyes
  3 elephants
  11 frost giant skeletons
  7 iron dragon skeletons
  10 stone giant zombies
  5 shock serpent zombies
  12 stone giant skeletons
  15 vault sentinels
  8 fire giant skeletons
  18 guardian serpents
  37 black mambas
  3 eyes of devastation
  15 dire elephant zombies
  68 rust devils
  27 naga magi
  2 titan simulacra
  11 spiny frogs
  6 apocalypse crabs
  11 molten gargoyles
  9 dire elephant skeletons
  10 orange demons
  23 smoke demons
  A yellow draconian zombie (Dis:4)
  4 komodo dragons
  An ice statue (Hell)
  A black draconian zombie (Dis:6)
  A spiny frog (shapeshifter) (D:13)
  3 emperor scorpion zombies
  3 gargoyles
  60 hellions
  3 catoblepas zombies
  A purple draconian zombie (Dis:2)
  13 efreet
  6 swamp worm zombies (Swamp:4)
  4 shock serpent skeletons
  68 yaktaurs
  3 catoblepas skeletons
  2 minotaur zombies
  5 kobold demonologists
  2 rime drakes
  3 tengu conjurers
  56 freezing wraiths
  A ghost moth simulacrum (Coc:4)
  11 harpy zombies
  2 anaconda simulacra
  10 ancient zymes
  45 ice devils
  2 polar bears (shapeshifter)
  58 red devils
  A hellwing (Abyss:4)
  2 merfolk (shapeshifter) (Vaults:5)
  9 trolls
  2 meliai (shapeshifter)
  A shadow dragon simulacrum (Coc:7)
  90 tormentors
  23 hydra zombies
  A queen bee (D:10)
  2 jumping spiders (shapeshifter)
  8 tyrant leeches
  3 meliai
  57 raiju
  A polar bear (Lair:5)
  A guardian serpent zombie (Crypt:1)
  52 large abominations
  A spectral swamp dragon (Swamp:4)
  A blink frog (shapeshifter) (Elf:2)
  2 fire giant simulacra
  A meliai zombie (D:12)
  24 alligator zombies
  10 ettin zombies
  12 hornets
  4 dream sheep (Lair:2)
  14 blink frogs
  14 hydra skeletons
  12 bog bodies
  11 fire dragon zombies
  2 stone giant simulacra
  5 harpy skeletons
  12 ice dragon zombies
  12 hippogriffs
  6 ice dragon skeletons
  9 fire dragon skeletons
  175 flying skulls
  2 iron dragon simulacra
  4 black mamba zombies
  81 shadows
  2 air elementals
  A vampire (Swamp:1)
  13 water elementals
  A redback (Vaults:5)
  4 alligator skeletons
  14 ettin skeletons
  A tarantella (Vaults:5)
  70 wraiths
  14 ynoxinuls
  51 yaks
  2 basilisks
  A wyvern (Lair:3)
  A spriggan (shapeshifter) (D:15)
  57 fire elementals
  4 humans (D:13)
  8 fire bats
  14 chaos spawn
  8 golden eyes
  3 black mamba skeletons
  3 golden eyes (shapeshifter)
  28 vampire mosquitoes
  12 neqoxecs
  A human simulacrum (Vaults:2)
  7 hungry ghosts
  A torturous demonspawn zombie (Dis:7)
  18 spiny frog zombies
  A merfolk zombie (Geh:6)
  72 nagas
  A water nymph zombie (Crypt:2)
  28 spatial vortices
  8 wargs
  21 insubstantial wisps
  2 soldier ants (shapeshifter)
  2 soldier ants
  2 acid dragons
  A spectral snapping turtle (Crypt:3)
  159 hell hounds
  22 swamp worms
  6 hydra simulacra
  13 water moccasins
  A merfolk skeleton (Geh:7)
  A torturous demonspawn skeleton (Crypt:1)
  12 ice beasts
  7 porcupines
  A black bear (shapeshifter) (Abyss:2)
  Duvessa (D:4)
  38 orc warriors
  4 spiny frog skeletons
  46 ogres
  5 black bears
  3 alligator simulacra
  3 eyes of draining
  5 human zombies
  13 phantoms
  6 swamp drakes
  2 hornet zombies
  3 ice dragon simulacra
  7 manticore zombies
  8 snapping turtle zombies
  13 swamp dragon zombies
  21 boggarts
  4 sky beasts
  An ettin simulacrum (Abyss:1)
  An eye of draining (shapeshifter) (Abyss:1)
  14 necrophages
  17 wolves
  A lindwurm zombie (Crypt:2)
  7 manticore skeletons
  3 snapping turtle skeletons
  A torpor snail zombie (Crypt:3)
  10 centaurs
  13 crocodiles
  44 small abominations
  2 swamp dragon skeletons
  4 big kobolds
  A crocodile (shapeshifter) (D:15)
  A salamander zombie (Crypt:2)
  An elf zombie (Dis:1)
  15 bullfrogs
  An earth elemental (Elf:3)
  A draconian skeleton (Crypt:3)
  An elf simulacrum (Vaults:1)
  A glowing shapeshifter simulacrum (Vaults:4)
  A komodo dragon skeleton (Crypt:1)
  A gnoll sergeant (D:9)
  An elf skeleton (Crypt:1)
  Dowan (D:4)
  2 spiny frog simulacra
  2 scorpions
  A spriggan zombie (Geh:1)
  A cyclops skeleton (Crypt:3)
  25 killer bees
  A warg skeleton (Crypt:2)
  A troll zombie (Dis:4)
  171 wights
  2 electric eels (Snake:1)
  A wolf zombie (Crypt:1)
  21 crimson imps
  6 howler monkeys
  3 centaur zombies
  A demonspawn zombie (Crypt:3)
  A black bear zombie (Crypt:1)
  4 hounds
  Crazy Yiuf (D:5)
  5 jellies
  8 quasits
  2 bullfrog skeletons
  2 centaur skeletons
  23 orc priests
  66 iron imps
  2 human skeletons
  47 orc wizards
  2 iguanas (D:10)
  8 worker ants
  4 hell rats (Hell)
  2 ogre zombies
  4 tengu zombies
  A sky beast zombie (Crypt:2)
  A crocodile skeleton (Crypt:3)
  A hound zombie (Crypt:2)
  2 hound skeletons
  11 mummies
  A worker ant zombie (D:11)
  6 gnolls
  3 swamp drake zombies (Swamp:4)
  16 adders
  3 shadow imps
  34 white imps
  8 ufetubi
  A worm zombie (Crypt:1)
  4 worms
  A dart slug (D:1)
  4 leopard geckos
  108 orcs
  4 bats
  A bat skeleton (Crypt:3)
  8 giant cockroaches
  7 goblins
  6 hobgoblins
  15 jackals
  5 quokkas
  A ball python skeleton (D:5)
  4 frilled lizards
  2 giant cockroach zombies (D:6)
  22 kobolds
  A kobold skeleton (Geh:1)
  2 kobold zombies
  2 orc skeletons
  8 rats
  2 blocks of ice
  3 fire vortices (Depths:4)
  3 fungi
  A lurking horror (Abyss:3)
  6 plants
  20 starspawn tentacles
  A tentacle (Coc:5)
5485 creatures vanquished.

Vanquished Creatures (collateral kills)
  Asterion (Elf:3)
  Gastronok (D:10)
  An azure jelly (Slime:1)
  A frost giant (D:13)
  A nagaraja (Snake:2)
  An angel (Abyss:3)
  A death ooze (Gauntlet)
  An ettin (D:13)
  Erolcha (D:10)
  A vault guard (D:13)
  2 hydras
  A deep troll shaman (Lair:6)
  4 thrashing horrors
  A death yak (Lair:6)
  A storm dragon zombie (Coc:1)
  2 hell knights (Abyss:3)
  A flayed ghost (Abyss:4)
  2 ugly things
  A deep elf mage (D:15)
  A manticore (D:14)
  A centaur zombie (D:15)
  A human skeleton (Vaults:2)
  2 spiny frogs
  A torpor snail (Lair:2)
  2 black mambas
  A komodo dragon (Lair:5)
  A rime drake (Lair:5)
  3 blink frogs
  2 polar bears
  2 hornets (Swamp:2)
  3 raiju (Abyss:3)
  2 hippogriffs
  2 slime creatures (D:12)
  A spriggan (Swamp:2)
  2 wraiths (D:10)
  3 yaks
  2 vampires
  A human (D:13)
  2 swamp worms (Lair:4)
  A porcupine (Lair:2)
  An ice beast (D:10)
  A phantom (D:5)
  A crocodile (Lair:3)
  2 bullfrogs
  A scorpion (D:9)
  A killer bee (D:10)
  A wight (D:7)
  2 centaur skeletons
  A worker ant (D:11)
  3 gnolls (D:11)
  An adder (D:7)
  3 orcs
  A fungus (Lair:6)
  A plant (Lair:6)
  2 starspawn tentacles (Abyss:3)
83 creatures vanquished.

Vanquished Creatures (others)
  A tentacled starspawn (Abyss:1)
  A fire giant (Geh:7)
  A reaper (Crypt:3)
  A vault guard (D:13)
  2 hell hogs (Dis:2)
  A necromancer (Vaults:4)
  A shock serpent zombie (Geh:7)
  A hydra zombie (Hell)
  A queen bee (shapeshifter) (Elf:2)
  A raiju (Abyss:1)
  A flying skull (Geh:6)
  2 small abominations (Abyss:1)
  A human (D:13)
  A naga (Snake:3)
  2 insubstantial wisps (Swamp:4)
  A spatial vortex (Abyss:3)
  A hell hound (Dis:6)
  A swamp dragon zombie (Geh:6)
  2 jellies (Abyss:2)
  28 blocks of ice
  2 bushes (Abyss:3)
  A demonic plant (Abyss:3)
  18 fungi
  3 lurking horrors
  43 plants
  72 starspawn tentacles
  7 tentacles
197 creatures vanquished.

Grand Total: 5765 creatures vanquished

Notes
Turn   | Place    | Note
-------+----------+-------------------------------------------
     0 | D:1      | gruber the Gnoll Ice Elementalist began the quest for the
                  | Orb.
     0 | D:1      | Reached XP level 1. HP: 13/13 MP: 6/6
   333 | D:1      | Reached XP level 2. HP: 17/19 MP: 1/7
   794 | D:1      | Reached XP level 3. HP: 25/25 MP: 7/9
   839 | D:1      | Learned a level 3 spell: Frozen Ramparts
   948 | D:1      | Reached skill level 5 in Spellcasting
  1326 | D:2      | Reached skill level 1 in Invocations
  1583 | D:2      | Reached skill level 1 in Fighting
  1583 | D:2      | Reached skill level 1 in Short Blades
  1583 | D:2      | Reached skill level 1 in Long Blades
  1583 | D:2      | Reached skill level 1 in Axes
  1583 | D:2      | Reached skill level 1 in Maces & Flails
  1583 | D:2      | Reached skill level 1 in Polearms
  1583 | D:2      | Reached skill level 1 in Staves
  1583 | D:2      | Reached skill level 1 in Slings
  1583 | D:2      | Reached skill level 1 in Bows
  1583 | D:2      | Reached skill level 1 in Crossbows
  1583 | D:2      | Reached skill level 1 in Throwing
  1583 | D:2      | Reached skill level 1 in Armour
  1583 | D:2      | Reached skill level 1 in Shields
  1583 | D:2      | Reached skill level 1 in Unarmed Combat
  1583 | D:2      | Reached skill level 1 in Evocations
  1711 | D:2      | Reached XP level 4. HP: 9/32 MP: 4/11
  2145 | D:2      | Reached skill level 1 in Conjurations
  2145 | D:2      | Reached skill level 1 in Hexes
  2145 | D:2      | Reached skill level 1 in Charms
  2145 | D:2      | Reached skill level 1 in Summonings
  2145 | D:2      | Reached skill level 1 in Necromancy
  2145 | D:2      | Reached skill level 1 in Translocations
  2145 | D:2      | Reached skill level 1 in Transmutations
  2145 | D:2      | Reached skill level 1 in Fire Magic
  2145 | D:2      | Reached skill level 1 in Air Magic
  2145 | D:2      | Reached skill level 1 in Earth Magic
  2145 | D:2      | Reached skill level 1 in Poison Magic
  2289 | D:3      | Reached XP level 5. HP: 35/37 MP: 8/12
  2374 | D:3      | Found an opulent altar of Gozag.
  2484 | D:3      | Found a white marble altar of Elyvilon.
  2552 | D:3      | Found a sacrificial altar of Ru.
  3302 | D:4      | Noticed an orc warrior
  3324 | D:4      | Killed an orc warrior
  3324 | D:4      | Reached skill level 5 in Dodging
  3324 | D:4      | Reached skill level 2 in Invocations
  3324 | D:4      | Reached XP level 6. HP: 44/44 MP: 8/14
  3432 | D:4      | Noticed a two-headed ogre
  3464 | D:4      | Killed a two-headed ogre
  3464 | D:4      | Reached skill level 5 in Stealth
  3464 | D:4      | Reached skill level 3 in Invocations
  3464 | D:4      | Reached XP level 7. HP: 29/52 MP: 9/15
  3464 | D:4      | Reached XP level 8. HP: 32/58 MP: 9/16
  3655 | D:4      | Learned a level 4 spell: Hailstorm
  3660 | D:4      | Learned a level 4 spell: Summon Ice Beast
  3888 | D:4      | Noticed Dowan
  3889 | D:4      | Noticed Duvessa
  3898 | D:4      | Killed Duvessa
  3905 | D:4      | Killed Dowan
  4686 | D:5      | Entered Level 5 of the Dungeon
  4968 | D:5      | Found a staircase to the Ecumenical Temple.
  4980 | D:5      | Reached skill level 4 in Invocations
  5112 | Temple   | Entered the Ecumenical Temple
  5206 | Temple   | Became a worshipper of Vehumet
  5353 | D:5      | Reached XP level 9. HP: 65/65 MP: 13/18
  5546 | D:5      | Found a shimmering blue altar of Sif Muna.
  5795 | D:5      | Found a runed translucent door.
  5796 | D:5      | Noticed Crazy Yiuf
  5926 | D:5      | Killed Crazy Yiuf
  6090 | D:6      | Noticed a cyclops
  6095 | D:6      | Killed a cyclops
  6533 | D:6      | Reached * piety under Vehumet
  6533 | D:6      | Offered knowledge of Sandblast by Vehumet.
  6656 | D:6      | Found a stormy altar of Qazlal.
  7064 | D:7      | Reached skill level 5 in Invocations
  7426 | D:7      | Reached XP level 10. HP: 73/73 MP: 16/20
  7893 | D:8      | Reached ** piety under Vehumet
  7895 | D:8      | Offered knowledge of Shock by Vehumet.
  7960 | D:8      | Reached skill level 5 in Fighting
  7960 | D:8      | Reached skill level 5 in Short Blades
  7960 | D:8      | Reached skill level 5 in Long Blades
  7960 | D:8      | Reached skill level 5 in Axes
  7960 | D:8      | Reached skill level 5 in Maces & Flails
  7960 | D:8      | Reached skill level 5 in Polearms
  7960 | D:8      | Reached skill level 5 in Staves
  7960 | D:8      | Reached skill level 5 in Slings
  7960 | D:8      | Reached skill level 5 in Bows
  7960 | D:8      | Reached skill level 5 in Crossbows
  7960 | D:8      | Reached skill level 5 in Throwing
  7960 | D:8      | Reached skill level 5 in Armour
  7960 | D:8      | Reached skill level 5 in Shields
  7960 | D:8      | Reached skill level 5 in Unarmed Combat
  7960 | D:8      | Reached skill level 5 in Evocations
  9124 | D:9      | Found a burning altar of Makhleb.
  9126 | D:9      | Found a glowing golden altar of the Shining One.
  9209 | D:9      | Found a snail-covered altar of Cheibriados.
  9209 | D:9      | Found an iron altar of Okawaru.
  9210 | D:9      | Found a hazy altar of Hepliaklqana.
  9211 | D:9      | Found a glowing silver altar of Zin.
  9212 | D:9      | Found a shimmering altar of Xom.
  9213 | D:9      | Found an ancient bone altar of Kikubaaqudgha.
  9214 | D:9      | Found an ornate altar of the Wu Jian Council.
  9393 | D:9      | Found Madwul's Gadget Shop.
  9454 | D:10     | Entered Level 10 of the Dungeon
  9463 | D:10     | Offered knowledge of Mephitic Cloud by Vehumet.
  9471 | D:9      | Learned a level 3 spell: Mephitic Cloud
  9490 | D:10     | Noticed Harold
  9498 | D:10     | Reached skill level 6 in Invocations
  9503 | D:10     | Killed Harold
  9514 | D:10     | Reached *** piety under Vehumet
  9560 | D:10     | Reached XP level 11. HP: 81/81 MP: 7/22
  9876 | D:10     | Offered knowledge of Static Discharge by Vehumet.
  9980 | D:10     | Reached skill level 5 in Conjurations
  9980 | D:10     | Reached skill level 5 in Hexes
  9980 | D:10     | Reached skill level 5 in Charms
  9980 | D:10     | Reached skill level 5 in Summonings
  9980 | D:10     | Reached skill level 5 in Necromancy
  9980 | D:10     | Reached skill level 5 in Translocations
  9980 | D:10     | Reached skill level 5 in Transmutations
  9980 | D:10     | Reached skill level 5 in Fire Magic
  9980 | D:10     | Reached skill level 5 in Air Magic
  9980 | D:10     | Reached skill level 5 in Earth Magic
  9980 | D:10     | Reached skill level 5 in Poison Magic
  9990 | D:10     | Noticed Erolcha
  9998 | D:10     | Killed Erolcha
 10185 | D:10     | Noticed Gastronok
 10202 | D:10     | Killed Gastronok
 10409 | D:10     | Got a jewelled broad axe
 10411 | D:10     | Identified the +0 broad axe "Xupylas" {vamp, rPois Int-3
                  | Dex+5} (You found it on level 10 of the Dungeon)
 10468 | D:10     | Found the +5 scythe "Finisher" {speed, eviscerate}
 10660 | D:10     | Killed an unseen horror
 10660 | D:10     | Reached skill level 7 in Invocations
 10795 | D:10     | Found Rairops's Assorted Antiques.
 10867 | D:10     | Found a staircase to the Lair.
 11051 | D:11     | Noticed an eight-headed hydra
 11061 | D:11     | Killed an eight-headed hydra
 11062 | D:11     | Reached **** piety under Vehumet
 11126 | D:11     | Offered knowledge of Ignite Poison by Vehumet.
 11374 | D:11     | Noticed a cyclops
 11437 | D:11     | Killed an unseen horror
 11475 | D:11     | Killed a cyclops
 11475 | D:11     | Reached XP level 12. HP: 89/89 MP: 16/24
 11641 | D:11     | Noticed a two-headed ogre
 11646 | D:11     | Killed a two-headed ogre
 12283 | Lair:1   | Entered Level 1 of the Lair of Beasts
 12334 | Lair:1   | Reached ***** piety under Vehumet
 12395 | Lair:1   | Offered knowledge of Lightning Bolt by Vehumet.
 13428 | Lair:2   | Reached skill level 8 in Invocations
 13741 | Lair:2   | Found a staircase to the Snake Pit.
 13852 | Lair:2   | Noticed Fannar
 14309 | Lair:3   | Reached XP level 13. HP: 90/98 MP: 26/26
 14336 | Lair:3   | Noticed Nergalle
 14344 | Lair:3   | Killed Nergalle
 14375 | Lair:3   | Found a gate leading to a gauntlet.
 14380 | Gauntlet | Entered a Gauntlet
 14380 | Gauntlet | Found a large runed translucent door.
 14380 | Gauntlet | Found a large runed translucent door.
 14380 | Gauntlet | Found a large runed translucent door.
 14380 | Gauntlet | Found a large runed translucent door.
 14380 | Gauntlet | Found a large runed translucent door.
 14380 | Gauntlet | Found a large runed translucent door.
 14380 | Gauntlet | Found a runed translucent door.
 14380 | Gauntlet | Found a transporter.
 14380 | Gauntlet | Found a transporter.
 14380 | Gauntlet | Found a runed translucent door.
 14380 | Gauntlet | Found a large runed translucent door.
 14380 | Gauntlet | Found a large runed translucent door.
 14380 | Gauntlet | Found a large runed translucent door.
 14380 | Gauntlet | Found a large runed translucent door.
 14380 | Gauntlet | Found a large runed translucent door.
 14380 | Gauntlet | Found a large runed translucent door.
 14384 | Gauntlet | Found a transporter.
 14384 | Gauntlet | Found a transporter.
 14392 | Gauntlet | Noticed a death ooze
 14393 | Gauntlet | Found a transporter.
 14412 | Gauntlet | Found a transporter.
 14422 | Gauntlet | Found a transporter.
 14422 | Gauntlet | Found a transporter.
 14422 | Gauntlet | Noticed a reaper
 14446 | Gauntlet | Found a transporter.
 14453 | Gauntlet | Found a transporter.
 14467 | Gauntlet | Found a transporter.
 14482 | Gauntlet | Found a large runed translucent door.
 14483 | Gauntlet | Found a large runed translucent door.
 14485 | Gauntlet | Found a runed translucent gate.
 14486 | Gauntlet | Found a runed translucent gate.
 14486 | Gauntlet | Noticed a death ooze
 14487 | Gauntlet | Found a transporter.
 14487 | Gauntlet | Found a runed translucent gate.
 14505 | Gauntlet | Found a large runed translucent door.
 14506 | Gauntlet | Found a large runed translucent door.
 14532 | Gauntlet | Found a transporter.
 14553 | Gauntlet | Found a transporter.
 14652 | Gauntlet | Found a transporter.
 14665 | Gauntlet | Noticed a death ooze
 14666 | Gauntlet | Found a transporter.
 14771 | Gauntlet | Killed a death ooze
 14778 | Gauntlet | Got a pair of jewelled gloves
 14789 | Gauntlet | Identified the +0 pair of gloves "Zunutusa" {+Blink rN+}
                  | (You found it in a Gauntlet)
 15234 | Gauntlet | Noticed a minotaur
 15263 | Gauntlet | Killed a minotaur
 15658 | Lair:3   | Reached skill level 9 in Invocations
 16190 | Lair:3   | Reached skill level 10 in Ice Magic
 17269 | Lair:4   | Offered knowledge of Fulminant Prism by Vehumet.
 17946 | Lair:4   | Reached skill level 10 in Spellcasting
 18129 | Lair:4   | Reached XP level 14. HP: 84/106 MP: 12/28
 18335 | Lair:4   | Found a staircase to the Swamp.
 18972 | Lair:5   | Reached skill level 10 in Dodging
 19110 | Lair:5   | Found an iron altar of Okawaru.
 19671 | Lair:6   | Entered Level 6 of the Lair of Beasts
 19956 | Lair:6   | Noticed a dire elephant
 19963 | Lair:6   | Killed a dire elephant
 19963 | Lair:6   | Reached skill level 10 in Stealth
 20119 | Lair:6   | Learned a level 5 spell: Borgnjor's Vile Clutch
 20295 | Lair:6   | Found a large runed translucent door.
 20296 | Lair:6   | Found a large runed translucent door.
 20297 | Lair:6   | Noticed gbos's ghost (journeyman DDFi)
 20343 | Lair:6   | Reached skill level 10 in Invocations
 20468 | Lair:6   | Found a staircase to the Slime Pits.
 20559 | Lair:6   | Offered knowledge of Freezing Cloud by Vehumet.
 22073 | D:12     | Learned a level 6 spell: Freezing Cloud
 22569 | D:12     | Found a staircase to the Orcish Mines.
 22771 | D:12     | Found Wenlil's Magic Scroll Shoppe.
 22884 | D:12     | Bought a scroll of identify for 30 gold pieces
 22884 | D:12     | Bought a scroll of identify for 30 gold pieces
 22981 | D:12     | Found Ijastremm's Magic Scroll Shoppe.
 22990 | D:12     | Bought a scroll of identify for 30 gold pieces
 22990 | D:12     | Bought a scroll of identify for 30 gold pieces
 22990 | D:12     | Bought a scroll of identify for 30 gold pieces
 22990 | D:12     | Bought a scroll of enchant weapon for 112 gold pieces
 22990 | D:12     | Bought a scroll of amnesia for 52 gold pieces
 22990 | D:12     | Bought a scroll of fog for 30 gold pieces
 23061 | D:12     | Reached XP level 15. HP: 114/114 MP: 19/29
 24248 | D:13     | Offered knowledge of Bolt of Magma by Vehumet.
 25459 | D:13     | Found a gate to the Vaults.
 25576 | D:13     | Got a smouldering leather armour
 25577 | D:13     | Identified the cursed +0 leather armour of Temperance
                  | {+Blink rN+ Str+3} (You found it on level 13 of the
                  | Dungeon)
 25639 | D:13     | Noticed a frost giant
 25639 | D:13     | Noticed a fire giant
 25661 | D:13     | Killed a fire giant
 25670 | D:13     | Killed a frost giant
 26058 | D:13     | Learned a level 5 spell: Bolt of Magma
 26154 | D:14     | Reached skill level 10 in Fighting
 26154 | D:14     | Reached skill level 10 in Short Blades
 26154 | D:14     | Reached skill level 10 in Long Blades
 26154 | D:14     | Reached skill level 10 in Axes
 26154 | D:14     | Reached skill level 10 in Maces & Flails
 26154 | D:14     | Reached skill level 10 in Polearms
 26154 | D:14     | Reached skill level 10 in Staves
 26154 | D:14     | Reached skill level 10 in Slings
 26154 | D:14     | Reached skill level 10 in Bows
 26154 | D:14     | Reached skill level 10 in Crossbows
 26154 | D:14     | Reached skill level 10 in Throwing
 26154 | D:14     | Reached skill level 10 in Armour
 26154 | D:14     | Reached skill level 10 in Shields
 26154 | D:14     | Reached skill level 10 in Unarmed Combat
 26154 | D:14     | Reached skill level 10 in Evocations
 26685 | D:14     | Noticed Azrael
 26773 | D:14     | Killed Azrael
 27231 | D:14     | Found Meyvuine's Gadget Shoppe.
 27552 | D:15     | Entered Level 15 of the Dungeon
 27948 | D:15     | Offered knowledge of Iron Shot by Vehumet.
 28055 | D:15     | Got a polished dagger
 28058 | D:15     | Identified the +3 dagger "Demon's Foe" {drain, MR- Int+4
                  | Dex+6} (You found it on level 15 of the Dungeon)
 28075 | D:15     | Reached skill level 11 in Invocations
 28443 | D:15     | Reached XP level 16. HP: 99/122 MP: 29/31
 29155 | D:15     | Found a staircase to the Depths.
 29207 | D:15     | Offered knowledge of Fireball by Vehumet.
 29570 | Orc:1    | Entered Level 1 of the Orcish Mines
 29673 | Orc:1    | Found a roughly hewn altar of Beogh.
 30282 | Orc:2    | Entered Level 2 of the Orcish Mines
 30444 | Orc:2    | Found a staircase to the Elven Halls.
 30809 | Orc:2    | Found a radiant altar of Vehumet.
 30858 | Orc:2    | Found Mufiz's Antique Weapon Boutique.
 30882 | Orc:2    | Offered knowledge of Ozocubu's Refrigeration by Vehumet.
 30999 | Orc:2    | Bought an ichor-stained dagger for 231 gold pieces
 31002 | Orc:2    | Found an ancient bone altar of Kikubaaqudgha.
 31029 | Orc:2    | Found a roughly hewn altar of Beogh.
 31029 | Orc:2    | Found Deopeg's Gadget Shop.
 31176 | Orc:2    | Found Fimutais's Gadget Boutique.
 31253 | Orc:2    | Found Uminur's Magic Scroll Shop.
 31870 | Orc:2    | Learned a level 6 spell: Ozocubu's Refrigeration
 32092 | Swamp:1  | Entered Level 1 of the Swamp
 32762 | Swamp:1  | Noticed a thorn hunter
 32766 | Swamp:1  | Killed a thorn hunter
 33639 | Swamp:2  | Got a dazzling buckler
 34432 | Swamp:2  | Identified the +1 dagger "Helot" {venom, rC+ MP+9} (You
                  | bought it in a shop on level 2 of the Orcish Mines)
 34434 | Swamp:2  | Identified the +1 buckler of Twilight {Int+4} (You found it
                  | on level 2 of the Swamp)
 34797 | Swamp:2  | Reached ****** piety under Vehumet
 34847 | Swamp:2  | Reached XP level 17. HP: 25/131 MP: 4/33
 35514 | Swamp:2  | Reached skill level 12 in Invocations
 35948 | Swamp:3  | Offered knowledge of Shatter by Vehumet.
 35948 | Swamp:3  | Offered knowledge of Tornado by Vehumet.
 35948 | Swamp:3  | Offered knowledge of Ignition by Vehumet.
 36503 | Swamp:3  | Got a coiled platinum ring
 37121 | Swamp:3  | Identified the ring of Daisies {MP+9 Str+6 Int-5} (You
                  | found it on level 3 of the Swamp)
 37390 | Swamp:4  | Entered Level 4 of the Swamp
 38309 | Swamp:4  | Learned a level 2 spell: Blink
 39058 | Swamp:4  | HP: 5/129 [swamp worm zombie (18)]
 39064 | Swamp:4  | HP: 5/129 [poison (dark miasma)]
 39673 | Snake:1  | Entered Level 1 of the Snake Pit
 43135 | Snake:2  | Reached skill level 10 in Conjurations
 43135 | Snake:2  | Reached skill level 10 in Hexes
 43135 | Snake:2  | Reached skill level 10 in Charms
 43135 | Snake:2  | Reached skill level 10 in Summonings
 43135 | Snake:2  | Reached skill level 10 in Necromancy
 43135 | Snake:2  | Reached skill level 10 in Translocations
 43135 | Snake:2  | Reached skill level 10 in Transmutations
 43135 | Snake:2  | Reached skill level 10 in Fire Magic
 43135 | Snake:2  | Reached skill level 10 in Air Magic
 43135 | Snake:2  | Reached skill level 10 in Earth Magic
 43135 | Snake:2  | Reached skill level 10 in Poison Magic
 43485 | Snake:2  | Reached XP level 18. HP: 101/137 MP: 9/34
 43878 | Snake:2  | Found Luotzo Muli's Jewellery Emporium.
 43879 | Snake:2  | Found Caunt's Gadget Shop.
 43880 | Snake:2  | Found Anuxich's Jewellery Emporium.
 44538 | Snake:3  | Got a pair of steaming boots
 44539 | Snake:3  | Identified the +1 pair of boots "Hinol" {Int+4 SInv} (You
                  | found it on level 3 of the Snake Pit)
 46125 | Snake:4  | Entered Level 4 of the Snake Pit
 46608 | Snake:4  | Reached skill level 13 in Invocations
 48399 | Snake:4  | Reached XP level 19. HP: 92/145 MP: 25/36
 48890 | Snake:4  | Got a serpentine rune of Zot
 49003 | Snake:2  | Got a glimmering spear
 49004 | Snake:2  | Identified the +7 spear of War {venom, +Inv} (You found it
                  | on level 2 of the Snake Pit)
 49117 | Lair:3   | Got a crude chain mail
 49118 | Lair:3   | Identified the cursed +0 chain mail of Rowuk {rPois} (You
                  | found it on level 3 of the Lair of Beasts)
 49337 | D:15     | Got smelly fire dragon scales
 49339 | D:15     | Identified the cursed +0 fire dragon scales of the Wild
                  | Haggis {+Fly rF++ rC- Slay+5} (You found it on level 15 of
                  | the Dungeon)
 49609 | Lair:6   | Killed gbos's ghost
 49616 | Lair:6   | Got a pitted ivory ring
 49617 | Lair:6   | Identified the ring "Surchengeb" {rF- rCorr MP+9 Dex+6}
                  | (You found it on level 6 of the Lair of Beasts)
 50006 | Depths:1 | Entered Level 1 of the Depths
 50013 | Depths:1 | Noticed Sojobo
 50269 | Elf:1    | Entered Level 1 of the Elven Halls
 50470 | Elf:1    | Found Akasuet's General Store.
 51741 | Elf:2    | Identified a scroll of acquirement
 51741 | Elf:2    | Acquired an uncursed staff of cold
 52998 | Elf:2    | Found a runed translucent gate.
 52998 | Elf:2    | Found a runed translucent gate.
 52998 | Elf:2    | Found a runed translucent gate.
 53045 | Elf:3    | Entered Level 3 of the Elven Halls
 53226 | Elf:3    | Found Sydour's Armour Boutique.
 53234 | Elf:3    | Noticed Asterion
 53788 | Elf:3    | Noticed Mara
 53807 | Elf:3    | Killed Mara
 53807 | Elf:3    | Reached skill level 14 in Invocations
 53807 | Elf:3    | Reached XP level 20. HP: 126/154 MP: 16/37
 53916 | Elf:3    | Noticed Louise
 53924 | Elf:3    | Killed Louise
 54205 | Elf:3    | Cast into level 2 of the Abyss (a deep elf sorcerer)
 54405 | Abyss:2  | Found a corrupted altar of Lugonu.
 54753 | Abyss:2  | Found a transporter.
 54759 | Abyss:2  | Found a corrupted altar of Lugonu.
 54769 | Abyss:2  | Paralysed by an apocalypse crab for 5 turns
 54778 | Abyss:2  | Found a transporter.
 54790 | Elf:3    | Escaped the Abyss
 54790 | Elf:3    | HP: 6/153 [deep elf death mage/bolt of negative energy
                  | (15)]
 55034 | Elf:3    | Identified the +6 flail "Keuhicy" {flame, rPois rF++}
 55322 | Elf:3    | Identified the ring of Usoezogg {rElec MR+ Stlth+}
 55323 | Elf:3    | Identified the +6 plate armour of Zycuad {Slay+4}
 56732 | Elf:3    | Killed Asterion
 56732 | Elf:3    | Reached XP level 21. HP: 84/163 MP: 2/39
 57628 | Depths:1 | Killed Sojobo
 58492 | Depths:1 | Found a gateway to Hell.
 58680 | Depths:2 | Noticed a golden dragon
 58840 | Depths:2 | Killed a golden dragon
 59269 | Depths:2 | Learned a level 6 spell: Iron Shot
 59381 | Depths:2 | Acquired 480 gold pieces
 59606 | Depths:2 | Reached skill level 15 in Invocations
 60528 | Depths:3 | Acquired 1560 gold pieces
 61662 | Depths:3 | Found a one-way gate leading to the halls of Pandemonium.
 61753 | Depths:3 | Found a snail-covered altar of Cheibriados.
 62258 | Depths:3 | Reached XP level 22. HP: 149/172 MP: 40/40
 62385 | Depths:3 | Found a gateway to a ziggurat.
 63746 | Depths:3 | Identified the ring "Vidwul" {SInv Stlth+}
 63787 | Depths:3 | Identified the amulet "Zekhlatee" {Regen+ Int+3 Dex+4}
 64186 | Depths:3 | Found a shadowy altar of Dithmenos.
 64187 | Depths:3 | Found the +2 hood of the Assassin {Detection Stab+ Stlth++}
 64415 | Depths:4 | Reached skill level 15 in Spellcasting
 64548 | Depths:4 | Found a one-way gate to the infinite horrors of the Abyss.
 65597 | Depths:4 | Found a radiant altar of Vehumet.
 65597 | Depths:4 | Noticed Frederick
 65603 | Depths:4 | Killed Frederick
 65603 | Depths:4 | Reached skill level 15 in Dodging
 66098 | Depths:4 | Found the amulet of the Air {Inacc +Fly rElec EV+5 RMsl}
 66124 | Depths:4 | Got a shimmering marble ring
 66125 | Depths:4 | Identified the ring of Qeonwis {Wiz rElec rN+ MR+} (You
                  | found it on level 4 of the Depths)
 66599 | Depths:4 | Found an iron altar of Okawaru.
 66604 | Depths:4 | Reached skill level 15 in Stealth
 66754 | Depths:4 | Found Olavelipn's General Store.
 66989 | Depths:5 | Entered Level 5 of the Depths
 66989 | Depths:5 | Found a portal to a secret trove of treasure.
 67318 | Depths:5 | Found a gate to the Realm of Zot.
 67318 | Depths:5 | Noticed a golden dragon
 67352 | Depths:5 | Killed a golden dragon
 67773 | Depths:5 | Reached XP level 23. HP: 179/179 MP: 23/42
 68719 | Depths:5 | Reached skill level 16 in Invocations
 69262 | Vaults:1 | Entered Level 1 of the Vaults
 70083 | Vaults:1 | Reached skill level 15 in Fighting
 70083 | Vaults:1 | Reached skill level 15 in Short Blades
 70083 | Vaults:1 | Reached skill level 15 in Long Blades
 70083 | Vaults:1 | Reached skill level 15 in Axes
 70083 | Vaults:1 | Reached skill level 15 in Maces & Flails
 70083 | Vaults:1 | Reached skill level 15 in Polearms
 70083 | Vaults:1 | Reached skill level 15 in Staves
 70083 | Vaults:1 | Reached skill level 15 in Slings
 70083 | Vaults:1 | Reached skill level 15 in Bows
 70083 | Vaults:1 | Reached skill level 15 in Crossbows
 70083 | Vaults:1 | Reached skill level 15 in Throwing
 70083 | Vaults:1 | Reached skill level 15 in Armour
 70083 | Vaults:1 | Reached skill level 15 in Shields
 70083 | Vaults:1 | Reached skill level 15 in Unarmed Combat
 70083 | Vaults:1 | Reached skill level 15 in Evocations
 71653 | Vaults:2 | Reached XP level 24. HP: 170/189 MP: 42/42
 72436 | Vaults:2 | Found a runed translucent door.
 72438 | Vaults:2 | Noticed nikku's ghost (adept HaAs)
 72688 | Vaults:2 | Killed nikku's ghost
 74317 | Vaults:3 | Found a staircase to the Crypt.
 74824 | Vaults:4 | Found Caqeap's Jewellery Emporium.
 75257 | Vaults:4 | Reached skill level 17 in Invocations
 75497 | Vaults:4 | Reached skill level 15 in Ice Magic
 75645 | Vaults:4 | Reached XP level 25. HP: 197/197 MP: 37/43
 76279 | Vaults:5 | Entered Level 5 of the Vaults
 76678 | Vaults:5 | Noticed Boris
 76679 | Vaults:5 | Identified the +9 flail of Freehold {venom, rElec}
 76710 | Vaults:5 | Killed Boris
 77597 | Vaults:5 | Identified the +3 morningstar "Kuit" {venom, *Drain Int+5
                  | Dex+3}
 77742 | Vaults:5 | Reached XP level 26. HP: 138/206 MP: 14/43
 78879 | Vaults:5 | Found Jasahih's Distillery.
 78894 | Vaults:5 | Got a silver rune of Zot
 78900 | Vaults:5 | Got a jewelled ring mail
 78901 | Vaults:5 | Identified the cursed +1 ring mail of the Orcish Mines
                  | {rCorr MP+9 Str+4} (You found it on level 5 of the Vaults)
 79350 | Vaults:5 | Identified Sif Muna's Volume of Combat Magic and Earth
 79696 | Lair:2   | Killed Fannar
 80403 | Swamp:4  | Got a decaying rune of Zot
 81152 | Zot:1    | Entered Level 1 of the Realm of Zot
 81165 | Zot:1    | Reached skill level 18 in Invocations
 81963 | Zot:1    | Identified the ring of Ezxown {*Corrode rN+ MR+ Dex+5 SInv}
 82608 | Zot:2    | Reached XP level 27. HP: 190/212 MP: 25/44
 83417 | Zot:2    | Noticed an orb of fire
 83902 | Slime:1  | Entered Level 1 of the Pits of Slime
 84037 | Slime:1  | Gained mutation: You tend to lose your temper in combat. [a
                  | shining eye]
 84590 | Slime:1  | Lost mutation: You tend to lose your temper in combat. [a
                  | shining eye]
 85157 | Slime:5  | Entered Level 5 of the Pits of Slime
 85298 | Slime:5  | Gained mutation: Your magical capacity is low. (-10% MP) [a
                  | shining eye]
 85305 | Slime:5  | Reached skill level 15 in Conjurations
 85305 | Slime:5  | Reached skill level 15 in Hexes
 85305 | Slime:5  | Reached skill level 15 in Charms
 85305 | Slime:5  | Reached skill level 15 in Summonings
 85305 | Slime:5  | Reached skill level 15 in Necromancy
 85305 | Slime:5  | Reached skill level 15 in Translocations
 85305 | Slime:5  | Reached skill level 15 in Transmutations
 85305 | Slime:5  | Reached skill level 15 in Fire Magic
 85305 | Slime:5  | Reached skill level 15 in Air Magic
 85305 | Slime:5  | Reached skill level 15 in Earth Magic
 85305 | Slime:5  | Reached skill level 15 in Poison Magic
 85910 | Slime:5  | Gained mutation: You tend to lose your temper in combat. [a
                  | shining eye]
 86017 | Slime:5  | Noticed the Royal Jelly
 86533 | Slime:5  | Found a viscous altar of Jiyva.
 87150 | Depths:4 | Voluntarily entered the Abyss.
 87423 | Abyss:1  | Gained mutation: You are dopey. (Int -2) [a neqoxec]
 87473 | Abyss:1  | Got a glimmering dagger
 87474 | Abyss:1  | Identified the +7 dagger of the Maze {flame, rC- Int+3
                  | Stlth+} (You found it on level 1 of the Abyss)
 87605 | Abyss:2  | Found a corrupted altar of Lugonu.
 87817 | Abyss:3  | Found a corrupted altar of Lugonu.
 87826 | Abyss:3  | Found a corrupted altar of Lugonu.
 87851 | Abyss:3  | Found a corrupted altar of Lugonu.
 87907 | Abyss:3  | Found a corrupted altar of Lugonu.
 87969 | Abyss:3  | Got a translucent rapier
 87970 | Abyss:3  | Identified the +6 rapier "Goblin's Funeral" {vamp, rElec}
                  | (You found it on level 3 of the Abyss)
 87975 | Abyss:3  | Found a roughly hewn altar of Beogh.
 88282 | Abyss:4  | Reached skill level 19 in Invocations
 88378 | Depths:4 | Escaped the Abyss
 88441 | Depths:4 | Voluntarily entered the Abyss.
 89765 | Abyss:3  | Found a radiant altar of Vehumet.
 90187 | Abyss:3  | Paralysed by you for 2 turns
 90369 | Depths:4 | Escaped the Abyss
 90476 | Depths:4 | Voluntarily entered the Abyss.
 90476 | Abyss:1  | Found a corrupted altar of Lugonu.
 90938 | Depths:4 | Escaped the Abyss
 91068 | Depths:4 | Voluntarily entered the Abyss.
 91148 | Abyss:1  | Found a burning altar of Makhleb.
 91525 | Abyss:1  | Gained mutation: You are frail. (-10% HP) [a cacodemon]
 92940 | Abyss:3  | Found a shimmering altar of Xom.
 93338 | Abyss:3  | Found a corrupted altar of Lugonu.
 93466 | Abyss:3  | Found a corrupted altar of Lugonu.
 94052 | Abyss:3  | Gained mutation: Your skin changes colour to match your
                  | surroundings (Stealth+). [a neqoxec]
 94456 | Abyss:4  | Found a corrupted altar of Lugonu.
 94627 | Abyss:4  | Found a hide-covered altar of Uskayaw.
 94748 | Abyss:4  | Found a transporter.
 95191 | Abyss:4  | Found a transporter.
 95258 | Depths:4 | Escaped the Abyss
 95403 | Depths:4 | Voluntarily entered the Abyss.
 95416 | Abyss:1  | Found a corrupted altar of Lugonu.
 95432 | Abyss:1  | HP: 8/197 [wretched star/lance of force (3)]
 95628 | Abyss:1  | Found a corrupted altar of Lugonu.
 95686 | Abyss:1  | Reached skill level 20 in Invocations
 96366 | Abyss:1  | Noticed an ancient lich
 96707 | Abyss:2  | Found a sacrificial altar of Ru.
 97002 | Abyss:3  | Found a glowing golden altar of the Shining One.
 97074 | Abyss:3  | Found a glowing golden altar of the Shining One.
 97107 | Abyss:3  | Noticed a juggernaut
 97109 | Abyss:3  | Killed a juggernaut
 97112 | Abyss:3  | Got an abyssal rune of Zot
 97119 | Abyss:3  | Found a glowing golden altar of the Shining One.
 97206 | Depths:4 | Escaped the Abyss
 97467 | Vaults:2 | Acquired the +3 Elemental Staff {rElec rF++ rC++ MR++ AC+5}
 97468 | Vaults:2 | Found the +3 Elemental Staff {rElec rF++ rC++ MR++ AC+5}
 97471 | Vaults:2 | Got a steaming falchion
 97472 | Vaults:2 | Identified the +12 falchion "Efakh" {freeze, rF+ Dex+4
                  | SInv} (You found it on level 2 of the Vaults)
 97474 | Vaults:2 | Acquired 890 gold pieces
 97712 | Hell     | Entered the Vestibule of Hell
 97712 | Hell     | Noticed Geryon
 97720 | Hell     | Noticed Murray
 97722 | Hell     | Killed Geryon
 98024 | Depths:1 | Killed Murray
 98547 | Hell     | Found a gateway to the Iron City of Dis.
 98572 | Hell     | Found a gateway to the freezing wastes of Cocytus.
 98686 | Hell     | Found a gateway to the decaying netherworld of Tartarus.
 98791 | Hell     | Found a gateway to the ashen valley of Gehenna.
 99204 | Crypt:1  | Entered Level 1 of the Crypt
100228 | Crypt:2  | Noticed Boris
100237 | Crypt:2  | Killed Boris
100624 | Crypt:2  | Noticed Saint Roka
100667 | Crypt:2  | Killed Saint Roka
101174 | Crypt:3  | Entered Level 3 of the Crypt
101366 | Crypt:3  | Found a staircase to the Tomb.
101784 | Crypt:3  | Found an ancient bone altar of Kikubaaqudgha.
101969 | Crypt:3  | Identified Khufu's Papyrus of Darkness
102164 | Crypt:3  | Got a heavily runed brass ring
102167 | Crypt:3  | Identified the Disquisition on Floating Companions
102169 | Crypt:3  | Identified the ring of Isahel {rPois rC+ MR+ rCorr} (You
                  | found it on level 3 of the Crypt)
103054 | Coc:1    | Entered Level 1 of Cocytus
104452 | Coc:4    | Reached skill level 21 in Invocations
106824 | Coc:7    | Entered Level 7 of Cocytus
108716 | Coc:7    | Learned a level 8 spell: Necromutation
109265 | Coc:7    | Got a faintly glowing leather armour
109266 | Coc:7    | Identified the +3 leather armour "Hinwezoq" {Regen+ MP+9}
                  | (You found it on level 7 of Cocytus)
109716 | Coc:7    | Identified the ring of Veumaiff {+Fly rElec rN+ Str+2
                  | Stlth+}
109720 | Coc:7    | Identified the ring "Jonnihaug" {rElec rN+}
109788 | Coc:7    | Learned a level 9 spell: Absolute Zero
110619 | Coc:7    | Noticed Antaeus
110920 | Coc:7    | Killed Antaeus
110920 | Coc:7    | Reached skill level 22 in Invocations
110965 | Coc:7    | Got an icy rune of Zot
111336 | Tar:1    | Entered Level 1 of Tartarus
112061 | Geh:1    | Entered Level 1 of Gehenna
119418 | Geh:5    | Reached skill level 23 in Invocations
119691 | Geh:5    | You fall into a shaft and drop 1 floor!
121505 | Geh:7    | Entered Level 7 of Gehenna
122852 | Geh:7    | Got a crude battleaxe
122853 | Geh:7    | Identified the +3 battleaxe "Gouzeph" {pain, Str+5} (You
                  | found it on level 7 of Gehenna)
122964 | Geh:7    | Found the +3 sling "Punk" {acid, rCorr}
123122 | Geh:7    | Got a steaming ivory ring
123123 | Geh:7    | Identified the ring of Searigy {rPois MR+ Int+4 Stlth+}
                  | (You found it on level 7 of Gehenna)
123277 | Geh:7    | Identified the +7 sceptre of Asmodeus
123277 | Geh:7    | Noticed Asmodeus
123280 | Geh:7    | Killed Asmodeus
123326 | Geh:7    | Got an obsidian rune of Zot
123942 | Dis:1    | Entered Level 1 of the Iron City of Dis
127864 | Dis:3    | Reached skill level 24 in Invocations
134813 | Dis:7    | Entered Level 7 of the Iron City of Dis
136565 | Dis:7    | Identified the ring "Heluza" {MP+9 Str+6 Dex+2}
136880 | Dis:7    | HP: 3/211 [ancient champion/iron shot[the effects of Hell]
                  | (39)]
136881 | Dis:7    | Slain by an ancient champion

Illustrated notes

Levels and vault maps discovered:
D:1:      co_arrival_hexagon_in_a_hexagon, layout_basic
D:2:      layout_rooms
D:3:      layout_basic, nicolae_ru_awakened_eye, nicolae_overflow_hidden_temple,
          first_ration, grunt_gozag_statues
D:4:      layout_basic, hangedman_minor_gate_pass, uniq_duvessa
D:5:      layout_cave_pools, nicolae_overflow_crystal_walls,
          minmay_temple_entry_drinking_statues, corexii_leaking_fountain,
          uniq_crazy_yiuf_cottage
D:6:      layout_cave_pools, kennysheep_mini_moat, serial_column_ruins,
          column_ruins_hut_ruined, column_ruins_square_large,
          column_ruins_columns_straight, column_ruins_corridor_corner,
          column_ruins_grid_1, column_ruins_open_tiny,
          column_ruins_columns_straight, column_ruins_open_medium,
          minmay_misc_feat_rugged
D:7:      layout_gridville
D:8:      layout_basic
D:9:      layout_basic, minitemple, serial_shops, kennysheep_little_box
D:10:     layout_loops_ring, minmay_lair_entry_grove, serial_shops,
          nicolae_shop_behind_doors, david_nohive_1,
          minmay_guarded_unrand_finisher, uniq_gastronok, uniq_harold,
          uniq_erolcha
D:11:     layout_loops_ring
D:12:     layout_basic, erik_orc_4, serial_shops, shop, shop
D:13:     minmay_glassy_protrusions, layout_rooms, ximxim_vaults_locker_room
D:14:     layout_basic, bh_walls_and_bars, serial_shops, kennysheep_mini,
          uniq_azrael
D:15:     gammafunk_enter_depths_forms, layout_rooms, serial_bayou_pond_a
Temple:   nicolae_temple_figure_zero
Lair:1:   layout_long_grid, infiniplex_staircase_pool
Lair:2:   layout_chaotic_city, minmay_snake_entry_guardpost_small, uniq_fannar
Lair:3:   layout_small_grid, gauntlet_entry_generic,
          cheibrodos_lair_reptile_den, grunt_megastairs_2, uniq_nergalle
Lair:4:   layout_roguey, palyth_hydra_swamp_entry
Lair:5:   layout_cave_pods, basic_altar
Lair:6:   grunt_lair_end_beastmaster, layout_cave_pods, dpeg_slime_entry_corner,
          ebering_ghost_disaster_area, serial_bayou_shore_b
Swamp:1:  layout_basic_swamp, serial_swamp_ruin, evilmike_swamp_ruin_house_4,
          evilmike_swamp_ruin_rubble_1, swamp_pool3,
          cheibrodos_swamp_pet_leeches
Swamp:2:  layout_basic_swamp, evilmike_swamp_ruin_house_5
Swamp:3:  layout_falls_marsh, nicolae_swamp_fairy_circle, swamp_pool3
Swamp:4:  swamp_pestilence, layout_basic_swamp
Snake:1:  layout_layer_cave, serial_bayou_pond_b, grunt_megastairs_4,
          serial_bayou_shore_b, serial_bayou_shore_b
Snake:2:  layout_chambers, minmay_shop_grove, grunt_megastairs_3,
          serial_bayou_shore_b
Snake:3:  layout_gridlike
Snake:4:  grunt_snake_rune_serpentine_throne, layout_cave_town, st_stairs_13
Slime:1:  cheibrodos_slime_lost_civilization_9, layout_caves
Slime:2:  layout_caves
Slime:3:  layout_caves
Slime:4:  layout_caves, nicolae_slime_barrier
Slime:5
Orc:1:    layout_diamond_mine, basic_altar, nicolae_orc_flooded_monolith
Orc:2:    kennysheep_orc_mage_school, layout_caves
Elf:1:    minmay_elf_arrival_circle, layout_gridlike, serial_shops, shop,
          kennysheep_underground_church, st_stairs_13
Elf:2:    layout_geoelf_octagon, serial_co_window_serial, co_window_paths_a,
          co_window_paths_a, co_window_paths_b, co_window_corner_a,
          co_window_of_opportunity_a, co_window_corner_a, co_window_corner_cb,
          co_window_2corner, glass_columns_b, glass_columns_a, glass_columns_c,
          glass_columns_c, nicolae_elf_glass_and_crystal_pillar_1,
          amethyst_killhole, corner_web_ring
Elf:3:    minmay_elf_hall_quartered_circle, layout_geoelf_octagon, serial_shops,
          shop, uniq_louise, uniq_asterion, uniq_mara
Vaults:1: grunt_vaults_hallway_long, vaults_standard_mumra_enter_the_diamond,
          nicolae_vaults_specimen_jars, v_misc_2,
          nicolae_vaults_network_barrier, ontoclasm_vaults_misaligned,
          nicolae_vaults_circle_grid_b, hangedman_vaults_nails,
          vaults_standard_mumra_lines, v_misc_17, ontoclasm_vaults_shout,
          v_misc_10, vaults_dpeg_encased_lava, grunt_vaults_bifocal,
          hangedman_vaults_impose, layout_vaults_maze
Vaults:2: gammafunk_vaults_ghost_grave, v_misc_31, v_misc_27, v_misc_30,
          ontoclasm_vaults_chip, vaults_room_fancy_cross, grunt_vaults_diagonal,
          v_misc_25, vaults_room_stairs_pillars,
          nicolae_vaults_little_squares_5, nicolae_vaults_little_squares_4,
          layout_vaults_omnigrid
Vaults:3: v_misc_30, hangedman_vaults_hat, v_rooms_5, vaults_mumra_minichess,
          ontoclasm_vaults_bender, vaults_dpeg_spiral, vaults_dpeg_ring,
          ontoclasm_vaults_decontamination, vaults_room_hallway,
          minmay_crypt_entry_simple_box, hangedman_vaults_trim,
          grunt_vaults_hallway_short, nicolae_vaults_mini_display_case,
          layout_vaults_ring
Vaults:4: nicolae_vaults_lopsided_apartments, vaults_mumra_chevron_long,
          vaults_standard_mumra_x, v_misc_15, v_misc_26, v_misc_32, v_misc_25,
          v_rooms_4, nicolae_vaults_theta, nicolae_vaults_little_squares_3,
          v_misc_17, vaults_dpeg_diagonal, vaults_room_hallway,
          layout_vaults_omnibox, serial_shops, nicolae_shop_behind_doors
Vaults:5: serial_shops, uniq_boris
Crypt:1:  layout_rooms, serial_sigils_hangedman_shear
Crypt:2:  layout_gridlike, uniq_saint_roka
Crypt:3:  church_of_pain_bobbens, layout_chaotic_city,
          nicolae_tomb_entry_rubble_hallway, chequers_big_river
Depths:1: layout_cave_pools, ebering_dispersal_statue_hall,
          grunt_hell_entry_dis_old, lemuel_nasty_fountain, uniq_sojobo
Depths:2: minmay_ornate_pinched, layout_basic, hangedman_coc_ice_floe,
          infiniplex_staircase_zigzag_1
Depths:3: regret_index_dithmenos_brocken_genspenst, layout_basic,
          enter_ziggurat_a, rand_demon_pan_entry_4, minmay_staircase_bubble,
          hell_entry, solitary_fountain, cheibriados_altar_1,
          serial_bayou_shore_a
Depths:4: evilmike_halls_of_destruction, layout_basic,
          okawaru_ov_weapons_minmay, abyss_entry, hell_entry,
          minmay_staircase_statues_hall_large, minmay_shop_star
Depths:5: grunt_x_marks_the_spot, layout_long_grid, hell_entry,
          serial_sigils_hangedman_shear, enter_trove_1, abyss_entry
Hell
Dis:1:    layout_subdivisions
Dis:2:    layout_gridville
Dis:3:    layout_subdivisions
Dis:4:    layout_jigsaw
Dis:5:    layout_chaotic_city
Dis:6:    layout_jigsaw, hangedman_dis_decor_blocks_talon
Dis:7:    dis_grunt_layers
Geh:1:    layout_gehenna_lava_caves
Geh:2:    layout_gehenna_pools_basic, minmay_fire_ice_demons, lemuel_elevator
Geh:3:    layout_gehenna_lava_caves
Geh:4:    layout_gehenna_lava_caves
Geh:5:    layout_gehenna_pools_triple
Geh:6:    layout_gehenna_lava_caves
Geh:7:    geh_grunt
Coc:1:    layout_ice_bergs
Coc:2:    layout_ice_bergs
Coc:3:    layout_cocytus_delve
Coc:4:    layout_ice_bergs, serial_ice, serial_ice_a, serial_ice_o,
          serial_ice_h, serial_ice_b
Coc:5:    layout_ice_bergs
Coc:6:    layout_cocytus_water_paths
Coc:7:    coc_dpeg
Tar:1:    layout_honeycomb
Zot:1:    layout_concentric_octagons
Zot:2:    layout_concentric_octagons

Skill      XL: |  1  2  3  4  5  6  7  8  9 10 11 12 13 14 15 16 17 18 19 20 21 22 23 24 25 26 27 |
---------------+----------------------------------------------------------------------------------+-----
Spellcasting   | 5 6 7 8 9 10 11 12 13 14 15 16 17 23 | 23.5
Invocations    | 1 2 3 4 5 6 7 8 9 10 11 12 13 14 15 16 17 18 24 | 24.9
Fighting       | 1 3 4 5 6 7 8 9 10 11 12 13 14 15 16 23 | 23.2
Short Blades   | 1 3 4 5 6 7 8 9 10 11 12 13 14 15 16 23 | 23.2
Long Blades    | 1 3 4 5 6 7 8 9 10 11 12 13 14 15 16 23 | 23.2
Axes           | 1 3 4 5 6 7 8 9 10 11 12 13 14 15 16 23 | 23.2
Maces & Flails | 1 3 4 5 6 7 8 9 10 11 12 13 14 15 16 23 | 23.2
Polearms       | 1 3 4 5 6 7 8 9 10 11 12 13 14 15 16 23 | 23.2
Staves         | 1 3 4 5 6 7 8 9 10 11 12 13 14 15 16 23 | 23.2
Slings         | 1 3 4 5 6 7 8 9 10 11 12 13 14 15 16 23 | 23.2
Bows           | 1 3 4 5 6 7 8 9 10 11 12 13 14 15 16 23 | 23.2
Crossbows      | 1 3 4 5 6 7 8 9 10 11 12 13 14 15 16 23 | 23.2
Throwing       | 1 3 4 5 6 7 8 9 10 11 12 13 14 15 16 23 | 23.2
Armour         | 1 3 4 5 6 7 8 9 10 11 12 13 14 15 16 23 | 23.2
Shields        | 1 3 4 5 6 7 8 9 10 11 12 13 14 15 16 23 | 23.2
Unarmed Combat | 1 3 4 5 6 7 8 9 10 11 12 13 14 15 16 23 | 23.2
Evocations     | 1 3 4 5 6 7 8 9 10 11 12 13 14 15 16 23 | 23.2
Conjurations   | 1 2 3 4 5 6 7 8 9 10 11 12 13 14 20 | 20.2
Hexes          | 1 2 3 4 5 6 7 8 9 10 11 12 13 14 20 | 20.2
Charms         | 1 2 3 4 5 6 7 8 9 10 11 12 13 14 20 | 20.2
Summonings     | 1 2 3 4 5 6 7 8 9 10 11 12 13 14 20 | 20.2
Necromancy     | 1 2 3 4 5 6 7 8 9 10 11 12 13 14 20 | 20.2
Translocations | 1 2 3 4 5 6 7 8 9 10 11 12 13 14 20 | 20.2
Transmutations | 1 2 3 4 5 6 7 8 9 10 11 12 13 14 20 | 20.2
Fire Magic     | 1 2 3 4 5 6 7 8 9 10 11 12 13 14 20 | 20.2
Air Magic      | 1 2 3 4 5 6 7 8 9 10 11 12 13 14 20 | 20.2
Earth Magic    | 1 2 3 4 5 6 7 8 9 10 11 12 13 14 20 | 20.2
Poison Magic   | 1 2 3 4 5 6 7 8 9 10 11 12 13 14 20 | 20.2
Dodging        | 5 6 7 8 9 10 11 12 13 14 15 16 17 23 | 23.5
Stealth        | 5 6 7 8 9 10 11 12 13 14 15 16 17 23 | 23.4
Ice Magic      | 8 9 10 11 12 13 14 15 21 | 21.0

Action                   |  1- 3 |  4- 6 |  7- 9 | 10-12 | 13-15 | 16-18 | 19-21 | 22-24 | 25-27 || total
-------------------------+-------+-------+-------+-------+-------+-------+-------+-------+-------++-------
Melee: Unarmed           |    32 |     1 |       |       |       |       |       |       |       ||    33
       Bite              |     4 |     1 |     7 |    52 |    61 |    67 |    50 |   113 |  1037 ||  1392
       Hand axe          |       |    15 |   130 |    36 |       |       |       |       |       ||   181
       Punch             |       |       |     1 |     1 |       |       |       |       |       ||     2
       Spear             |       |       |       |   231 |       |       |       |       |       ||   231
       Trident           |       |       |       |   127 |   576 |   235 |       |       |       ||   938
       Broad axe         |       |       |       |       |       |   317 |    71 |       |       ||   388
       Dagger            |       |       |       |       |       |     6 |       |       |       ||     6
       Staff             |       |       |       |       |       |       |   232 |   643 |  4637 ||  5512
       Morningstar       |       |       |       |       |       |       |       |       |  1694 ||  1694
Throw: Dart              |       |       |       |       |       |     1 |       |       |       ||     1
       Javelin           |       |       |       |       |       |       |       |       |     1 ||     1
 Cast: Freeze            |    26 |     3 |     7 |     3 |    27 |    22 |     2 |     4 |     4 ||    98
       Frozen Ramparts   |    15 |    18 |    35 |    81 |   119 |    93 |    44 |    33 |   142 ||   580
       Summon Ice Beast  |       |       |     6 |    38 |    79 |     9 |     6 |    13 |    22 ||   173
       Hailstorm         |       |       |     6 |    24 |   109 |   107 |     5 |       |    48 ||   299
       Borgnjor's Vile C |       |       |       |       |    25 |    42 |    17 |    25 |    75 ||   184
       Bolt of Magma     |       |       |       |       |    13 |   125 |   131 |    51 |   725 ||  1045
       Freezing Cloud    |       |       |       |       |     4 |    31 |    12 |    11 |    10 ||    68
       Ozocubu's Refrige |       |       |       |       |       |   101 |   144 |   153 |   605 ||  1003
       Blink             |       |       |       |       |       |     5 |     4 |       |    53 ||    62
       Iron Shot         |       |       |       |       |       |       |       |   129 |   782 ||   911
       Necromutation     |       |       |       |       |       |       |       |       |   222 ||   222
       Absolute Zero     |       |       |       |       |       |       |       |       |    30 ||    30
 Abil: End Transformatio |       |       |       |       |       |       |       |       |     3 ||     3
       Evoke Blink       |       |       |       |       |       |       |       |       |     1 ||     1
Evoke: Box of beasts     |       |       |       |       |       |     2 |     1 |       |     3 ||     6
       Wand              |       |       |       |       |       |     3 |     6 |     1 |     7 ||    17
  Use: Scroll            |       |       |       |     9 |    21 |     9 |    13 |     4 |    21 ||    77
       Potion            |       |       |       |       |     2 |     1 |     1 |       |     5 ||     9
 Stab: Sleeping          |     1 |     1 |     1 |     7 |     7 |    10 |     8 |    48 |   152 ||   235
       Distracted        |       |       |       |     3 |     5 |     3 |     2 |     4 |    62 ||    79
       Paralysed         |       |       |       |       |       |     3 |       |       |     1 ||     4
  Eat: Chunk             |     3 |     6 |    15 |    23 |    31 |    46 |    26 |    31 |    42 ||   223
       Ration            |       |       |       |     1 |     5 |    16 |     8 |     3 |    27 ||    60
Armor: Robe              |    17 |     2 |    27 |    13 |    88 |    30 |     4 |       |       ||   181
       Troll leather arm |       |       |       |    68 |     7 |       |       |       |       ||    75
       Fire dragon scale |       |       |       |       |       |       |   107 |   144 |  1917 ||  2168
Dodge: Dodged            |    36 |    17 |    93 |   156 |   312 |   367 |   168 |   301 |  4552 ||  6002
Block: Other             |     7 |     4 |    40 |     9 |       |       |       |       |       ||    60
       Reflection        |     1 |       |     4 |     5 |    12 |    44 |    33 |       |       ||    99
       Buckler           |       |       |       |   141 |   270 |   391 |   220 |   238 |  2987 ||  4247
